 Dungeon Crawl Stone Soup version 0.29.1-2-gbd0b4ee654 (webtiles) character file.

Game seed: 1600425539733186342

114 warriortoast the Digger (level 4, -3/24 HPs)
             Began as a Gargoyle Earth Elementalist on Nov 1, 2022.
             Slain by an ice beast (12 damage)
             ... on level 4 of the Dungeon.
             The game lasted 00:05:27 (2510 turns).

warriortoast the Digger (GrEE)                      Turns: 2510, Time: 00:05:28

Health: -3/24      AC:  5    Str: 14    XL:     4   Next: 98%
Magic:  8/8        EV: 11    Int: 15    God:
Gold:   179        SH:  0    Dex: 10    Spells: 7/8 levels left

rFire   . . .      SeeInvis .   c - +0 mace
rCold   . . .      Faith    .   (no shield)
rNeg    + . .      Spirit   .   a - +0 robe
rPois   ∞          Reflect  .   (no helmet)
rElec   +          Harm     .   (no cloak)
rCorr   .          Rampage  .   (no gloves)
Will    .....                   (no boots)
Stlth   ++........              (no amulet)
HPRegen 0.08/turn               (no ring)
MPRegen 0.11/turn               (no ring)

@: no status effects
A: sickness immunity, AC +3, negative energy resistance 1, electricity
resistance, torment resistance 1, petrification resistance
a: no special abilities


You were on level 4 of the Dungeon.
You visited 1 branch of the dungeon, and saw 5 of its levels.

You collected 179 gold pieces.

Inventory:

Hand Weapons
 c - a +0 mace (weapon)
Missiles
 i - a throwing net
Armour
 a - a +0 robe (worn)
 k - a +0 plate armour
Scrolls
 d - 5 scrolls of identify {unknown}
 e - 3 scrolls of vulnerability {unknown}
 f - a scroll of acquirement {unknown}
 g - a scroll of teleportation {unknown}
 j - a scroll of poison {unknown}
 l - a scroll of enchant armour {unknown}
 m - a scroll of amnesia {unknown}
Potions
 b - 2 potions of magic
 h - a potion of might {unknown}
 n - a potion of brilliance {unknown}
 o - a potion of lignification {unknown}
 p - a potion of flight {unknown}
 q - a potion of degeneration {unknown}


   Skills:
 + Level 0.6 Fighting
 - Level 1.5 Dodging
 - Level 2.1 Stealth
 + Level 2.7 Spellcasting
 + Level 2.0 Conjurations
 + Level 2.0 Transmutations
 + Level 4.5 Earth Magic


You had 7 spell levels left.
You knew the following spells:

 Your Spells              Type           Power      Damage    Failure   Level
a - Sandblast             Erth           30%        2d9       3%          1

Your spell library contained the following spells:

 Spells                   Type           Power      Damage    Failure   Level
 Passwall                 Tmut/Erth      9%         N/A       9%          2
 Stone Arrow              Conj/Erth      22%        3d8       16%         3
 Petrify                  Tmut/Erth      11%        N/A       47%         4
 Gell's Gravitas          Tloc           2%         N/A       52%         3
 Manifold Assault         Tloc           2%         N/A       99%         5
 Necromutation            Tmut/Necr      2%         N/A       100%        8


Dungeon Overview and Level Annotations

Branches:
Dungeon (5/15)
 Temple: D:4-7

Altars:
Yredelemnul


Innate Abilities, Weirdness & Mutations

You are immune to sickness and miasma.
Your stone body is resilient. (AC +3)
You are immune to poison.
You resist negative energy. (rN+)
You are resistant to electric shocks. (rElec)
You are resistant to unholy torment.
You are immune to petrification.


Message History

The blast of sand misses Jessica.
The blast of sand hits Jessica!
You kill Jessica!
Your Conjurations skill increases to level 2!
Your Transmutations skill increases to level 2!
d - 5 scrolls labelled BEUCING SETUFA (gained 1)
A frilled lizard comes into view.
The frilled lizard hisses angrily.
The blast of sand misses the frilled lizard.
The blast of sand misses the frilled lizard.
The frilled lizard bites you but does no damage.
The blast of sand hits the frilled lizard!
You kill the frilled lizard!
You can't see any susceptible monsters within range! (Use Z to cast anyway.)
You see here a frilled lizard corpse.
A rat comes into view.
Found an escape hatch in the ceiling.
Found a short sword.
The blast of sand hits the rat.
You kill the rat!
A sourceless malevolence fills the Dungeon...
You fall into a shaft and drop 2 floors!
The shaft crumbles and collapses.
An ice beast comes into view.
Found a stone staircase leading down.
Found a stone staircase leading up.
A white imp comes into view.
An adder comes into view.
The white imp shouts!
The white imp gestures at you. The puff of frost hits you.
Found a robe.
There is a stone staircase leading up here.
The ice beast hits you. The ice beast freezes you!
You climb upwards.
Found an escape hatch in the floor.
There is a stone staircase leading down here.
The ice beast hits you. The ice beast freezes you!
Ouch! That really hurt!
You die...

..............
.............
............
...........
..........
.........
.....>.Y#
.......@#
..............#
##............#
#........s...#
#.............
#..#..##..###.
##.### #S# # ..


You could see an ice beast, a scorpion and an adder.

Vanquished Creatures
  Jessica (D:3)
  4 adders (D:2)
  2 dart slugs
  4 bats
  2 endoplasms (D:2)
  6 goblins
  4 hobgoblins
  6 jackals
  2 quokkas
  3 ball pythons
  3 frilled lizards
  5 kobolds
  5 rats
47 creatures vanquished.

Notes
Turn   | Place    | Note
-------+----------+-------------------------------------------
     0 | D:1      | warriortoast the Gargoyle Earth Elementalist began the
                  | quest for the Orb.
     0 | D:1      | Reached XP level 1. HP: 10/10 MP: 3/3
    99 | D:1      | Reached skill level 1 in Transmutations
   202 | D:1      | Found a faded altar of an unknown god.
   217 | D:1      | Reached XP level 2. HP: 15/15 MP: 1/5
   376 | D:1      | Reached skill level 1 in Conjurations
  1010 | D:2      | Reached skill level 4 in Earth Magic
  1010 | D:2      | Reached XP level 3. HP: 19/19 MP: 3/6
  1230 | D:2      | Got Sif Muna's Reference Book on Reformed Elsewhere
  1329 | D:2      | Reached XP level 4. HP: 24/24 MP: 5/7
  1509 | D:2      | Found a basalt altar of Yredelemnul.
  2368 | D:3      | Noticed Jessica
  2371 | D:3      | Killed Jessica
  2481 | D:3      | You fall into a shaft and drop 2 floors!
  2481 | D:5      | Entered Level 5 of the Dungeon
  2487 | D:5      | Noticed an ice beast
  2509 | D:4      | Noticed a scorpion
  2510 | D:4      | Slain by an ice beast

Illustrated notes

Levels and vault maps discovered:
D:1:      lemuel_arrival_muddy, layout_basic, ebering_ecumenical_altar_mist,
          serial_forest, infiniplex_forest_clump_long,
          infiniplex_forest_lined_room_2, infiniplex_forest_lined_3,
          infiniplex_forest_clump_curved, infiniplex_forest_pool,
          infiniplex_forest_clump_tiny, infiniplex_forest_lined_3,
          infiniplex_forest_fountain, infiniplex_forest_straight_2,
          minmay_curled_crystal, skrybe_limestone_x, minmay_misc_feat_diagonals,
          nrook_campfire
D:2:      layout_basic, basic_altar
D:3:      layout_loops_ring, minmay_diced_spiral, uniq_crazy_yiuf_cottage,
          uniq_jessica
D:4:      layout_basic, fedhas_altar_4, minmay_temple_entry_junction,
          minmay_ruined_shrine, uniq_blork_the_orc, uniq_robin
D:5:      layout_basic

Skill      XL: |  1  2  3  4 |
---------------+-------------+-----
Transmutations | 1 2 |  2.0
Conjurations   | 1 2 |  2.0
Earth Magic    | 4 |  4.5
Fighting       | |  0.6
Dodging        | |  1.5
Stealth        | |  2.1
Spellcasting   | |  2.7

Action                   |  1- 3 |  4- 6 || total
-------------------------+-------+-------++-------
Melee: Mace              |     3 |       ||     3
 Cast: Sandblast         |    36 |    31 ||    67
Armor: Robe              |     6 |     5 ||    11
Dodge: Dodged            |    16 |     7 ||    23
